 Dungeon Crawl Stone Soup version 0.17-a0-2055-gb4e23be (webtiles) character file.

434 st0uf the Magician (level 6, -4/41 HPs)
             Began as a Mummy Wizard on Oct 11, 2015.
             Shot with an arrow by a centaur (11 damage)
             ... on level 4 of the Dungeon.
             The game lasted 01:06:38 (9795 turns).

st0uf the Magician (Mummy Wizard)                   Turns: 9795, Time: 01:06:38

Health: -4/41      AC:  2    Str: 11    XL:     6   Next: 67%
Magic:  7/13       EV: 12    Int: 19    God:
Gold:   314        SH:  0    Dex: 10    Spells: 3 memorised, 8 levels left

rFire  x . .     SeeInvis .     (no weapon)
rCold  + . .     Clarity  .     a - +0 robe
rNeg   + + +     SustAt   .     (no shield)
rPois  ∞         Gourm    .     b - +0 hat
rElec  .         Spirit   .     (no cloak)
rCorr  .         Warding  .     (no gloves)
rMut   .         Stasis   .     (no boots)
MR     .....                    (no amulet)
Stlth  ++........               (no ring)
                                (no ring)

@: very slightly contaminated, not resistant to hostile enchantments, unstealthy
A: no food or potions, fire vulnerability, cold resistance 1, negative energy
resistance 3, torment resistance, unbreathing
a: no special abilities


You were on level 4 of the Dungeon.
You were not hungry.

You visited 1 branch of the dungeon, and saw 5 of its levels.

You collected 314 gold pieces.

Inventory:

Armour
 a - a +0 robe (worn)
 b - a +0 hat (worn)
 k - a +0 buckler
Jewellery
 h - an uncursed ring of positive energy {unknown}
 l - a cursed ring of teleportation {unknown}
 n - a +6 ring of strength {unknown}
Wands
 j - a wand of magic darts (26)
Scrolls
 d - 3 scrolls of teleportation {unknown}
 e - 7 scrolls of identify {unknown}
 f - a scroll of recharging {unknown}
 g - a scroll of blinking {unknown}
 m - a scroll of fear {unknown}
 o - a scroll of enchant armour {unknown}
 p - a scroll of fog {unknown}
Books
 c - a book of Minor Magic

   Spells                             Type                      Level
   a - Magic Dart                     Conjuration                  1
   b - Blink                          Translocation                2
   c - Call Imp                       Summoning                    2
   d - Repel Missiles                 Charms/Air                   2
   e - Slow                           Hexes                        2
   f - Conjure Flame                  Conjuration/Fire             3
   g - Mephitic Cloud                 Conjuration/Poison/Air       3
 i - a Grand Grimoire

   Spells                             Type                      Level
   a - Monstrous Menagerie            Summoning                    6
   b - Summon Greater Demon           Summoning                    7
   c - Malign Gateway                 Summoning/Translocation      7
   d - Summon Horrible Things         Summoning                    8


   Skills:
 - Level 1.5 Dodging
 - Level 1.5 Stealth
 + Level 4.6 Spellcasting
 - Level 3.1 Conjurations
 - Level 3.0 Summonings
   Level 0.7 Translocations
 + Level 1.0 Air Magic
 + Level 1.0 Poison Magic


You had 8 spell levels left.
You knew the following spells:

 Your Spells              Type           Power        Failure   Level  Hunger
a - Magic Dart            Conj           ###.         4%          1    N/A
b - Call Imp              Summ           ###.....     8%          2    N/A
c - Mephitic Cloud        Conj/Pois/Air  ##......     21%         3    N/A

Dungeon Overview and Level Annotations

Branches:
Dungeon (5/15)
 Temple: D:4-7

Altars:
Gozag
Qazlal
Beogh


Innate Abilities, Weirdness & Mutations

You do not eat or drink.
Your flesh is vulnerable to fire.
You are immune to poison.
Your flesh is cold resistant.
You are immune to negative energy.
You are immune to unholy pain and torment.
You can survive without breathing.


Message History

The arrow closely misses you.
The centaur shoots an arrow.
The arrow misses you.
You see here an arrow.
The centaur shoots an arrow.
The arrow hits you!
You see here an arrow.
The centaur shoots an arrow.
The arrow completely misses your crimson imp.
The arrow hits you!
Your crimson imp blinks!
Your white imp gestures at the centaur.
The puff of frost hits the centaur.
You see here an arrow.
The centaur shoots an arrow.
The arrow hits you!
* * * LOW HITPOINT WARNING * * *
You see here an arrow.
The centaur shoots an arrow.
The arrow hits your crimson imp.
The centaur shoots an arrow.
The arrow barely misses your crimson imp.
The arrow hits you!
You die...

.....†.###...## ##...#
.....### #....## ##..###
...### #.c...## ##..##
..## #.55...###...# .##
##...(.......## .#
#............# #### .###
#......5.#...####..#
...####
#......(......#..###
......###.......@......>##
...............((.....###
......................##
......###..####........#
....### #..# ####...#.##
..### #.## #...##[#### .##
#.# ##..####...# ..# ##.#
#..## ##### ..# #..#
####..#


You could see a centaur, 2 friendly crimson imps and a friendly white imp.

Vanquished Creatures
  An orc priest (D:4)
  An ooze (D:1)
  3 orcs
  3 giant cockroaches
  8 hobgoblins
  A jackal (D:1)
  3 kobolds
  5 bats
  16 goblins
  3 rats (D:1)
44 creatures vanquished.

Vanquished Creatures (collateral kills)
  A scorpion (D:4)
  A crimson imp (D:4)
  4 orc priests (D:4)
  2 orc wizards (D:4)
  An iguana (D:4)
  5 worker ants (D:4)
  Terence (D:3)
  A hound skeleton (D:4)
  Robin (D:2)
  5 adders
  An ooze (D:2)
  4 worms
  4 giant geckos
  23 orcs
  3 ball pythons
  3 giant cockroaches
  7 goblins
  8 hobgoblins
  7 jackals
  6 kobolds
  A quokka (D:2)
  A ball python skeleton (D:4)
  2 bats
  4 giant newts
  6 rats
102 creatures vanquished.

Grand Total: 146 creatures vanquished

Notes
Turn   | Place    | Note
--------------------------------------------------------------
     0 | D:1      | st0uf the Mummy Wizard began the quest for the Orb.
     0 | D:1      | Reached XP level 1. HP: 13/13 MP: 4/4
    44 | D:1      | Reached skill level 1 in Conjurations
   349 | D:1      | Reached XP level 2. HP: 7/19 MP: 3/6
   661 | D:1      | Learned a level 2 spell: Call Imp
   943 | D:1      | Reached skill level 1 in Summonings
  1460 | D:1      | Reached XP level 3. HP: 13/24 MP: 0/7
  2067 | D:2      | Noticed Robin
  3148 | D:2      | Killed Robin
  3293 | D:2      | Found a faded altar to an unknown god.
  3563 | D:2      | Reached XP level 4. HP: 15/30 MP: 1/9
  4494 | D:3      | Noticed Terence
  4503 | D:3      | Killed Terence
  5162 | D:3      | Learned a level 3 spell: Mephitic Cloud
  5829 | D:4      | Reached XP level 5. HP: 14/35 MP: 0/10
  5996 | D:4      | Reached skill level 4 in Spellcasting
  7017 | D:4      | Reached XP level 6. HP: 41/41 MP: 4/12
  7416 | D:4      | Found a roughly hewn altar of Beogh.
  7969 | D:4      | Found an opulent altar of Gozag.
  7969 | D:4      | Found a stormy altar of Qazlal.
  9437 | D:5      | Entered Level 5 of the Dungeon
  9652 | D:4      | Reached skill level 1 in Air Magic
  9652 | D:4      | Reached skill level 1 in Poison Magic
  9795 | D:4      | Shot with an arrow by a centaur

Vault maps used:
D:1:      lemuel_arrival_behind_the_door_small
D:2:      ecumenical_altar_1, uniq_robin
D:3:      first_bread, kennysheep_crisscross, hangedman_decor_peaks_small,
          uniq_terence
D:4:      gammafunk_temple_overflow_elements, minmay_misc_feat_columns,
          kennysheep_orc_chapel
D:5:      kennysheep_big_flooded_room, grunt_dithmenos_smoke_and_mirrors

Action                   |  1- 3 |  4- 6 || total
-------------------------+-------+-------++-------
Melee: Unarmed           |    23 |    23 ||    46
 Cast: Magic Dart        |    89 |    53 ||   142
       Call Imp          |    32 |   141 ||   173
       Mephitic Cloud    |       |     1 ||     1
 Stab: Sleeping          |     1 |       ||     1
